 Dungeon Crawl Stone Soup version 0.28-a0-751-gef3a642a4e (webtiles) character file.

Game seed: 5623129180088408229

0 willcat the Sneak (level 1, -2/13 HPs)
             Began as a Deep Elf Delver on Oct 30, 2021.
             Slain by a centaur skeleton (3 damage)
             ... on level 5 of the Dungeon.
             The game lasted 00:00:33 (384 turns).

willcat the Sneak (Deep Elf Delver)                  Turns: 384, Time: 00:00:34

Health: -2/13      AC:  3    Str:  9    XL:     1   Next: 0%
Magic:  3/3        EV: 12    Int: 14    God:
Gold:   0          SH:  0    Dex: 16    Spells: 0/0 levels left

rFire   . . .      SeeInvis .   a - +0 short sword
rCold   . . .      Faith    .   (no shield)
rNeg    . . .      Spirit   .   b - +0 leather armour
rPois   .          Reflect  .   (no helmet)
rElec   .          Harm     .   (no cloak)
rCorr   .          Rampage  .   (no gloves)
Will    .....                   (no boots)
Stlth   +++.......              (no amulet)
HPRegen 0.04/turn               (no ring)
MPRegen 0.08/turn               (no ring)

@: no status effects
A: no striking features
a: no special abilities


You were on level 5 of the Dungeon.
You visited 1 branch of the dungeon, and saw 1 of its levels.

Inventory:

Hand Weapons
 a - a +0 short sword (weapon)
Armour
 b - a +0 leather armour (worn)
 i - a +0 helmet
Wands
 g - a wand of digging (3)
Scrolls
 c - a scroll of fog
 d - a scroll of magic mapping
 h - a scroll of acquirement {unknown}
Potions
 f - a potion of haste


   Skills:
 - Level 2.4 Fighting
 + Level 2.0 Short Blades
 + Level 2.4 Dodging
 + Level 6.0 Stealth


You couldn't memorise any spells.
You didn't know any spells.
Your spell library was empty.

Dungeon Overview and Level Annotations

Branches:
Dungeon (5/15)
 Temple: D:4-7

Altars:
Vehumet


Message History

The centaur skeleton misses you. The centaur skeleton barely misses you.
You hit the centaur skeleton.
The centaur skeleton is moderately damaged.
The centaur skeleton barely misses you.
The centaur skeleton kicks you but does no damage.
The centaur skeleton closely misses you.
The centaur skeleton kicks you.
You hit the centaur skeleton but do no damage.
The centaur skeleton is moderately damaged.
The centaur skeleton hits you but does no damage.
The centaur skeleton barely misses you.
You hit the centaur skeleton.
The centaur skeleton is heavily damaged.
The centaur skeleton hits you.
The centaur skeleton closely misses you.
You hit the centaur skeleton.
The centaur skeleton is heavily damaged.
The centaur skeleton barely misses you.
The centaur skeleton closely misses you.
You hit the centaur skeleton.
The centaur skeleton is heavily damaged.
The centaur skeleton closely misses you.
The centaur skeleton kicks you. The centaur skeleton hits you.
* * * LOW HITPOINT WARNING * * *
The centaur skeleton kicks you but does no damage.
You hit the centaur skeleton but do no damage.
The centaur skeleton is heavily damaged.
The centaur skeleton hits you but does no damage.
The centaur skeleton closely misses you.
You hit the centaur skeleton.
The centaur skeleton is severely damaged.
The centaur skeleton hits you.
* * * LOW HITPOINT WARNING * * *
The centaur skeleton barely misses you.
Okay, then.
Unknown command.
You hit the centaur skeleton.
The centaur skeleton is severely damaged.
The centaur skeleton hits you.
You die...

########## #.........
.. #........# ....
#.....<..####.#...
#........#........
#[.........###....
#....<..Z### .
#.)....@.# #........#
### #..(.....# ##.#
########.# #..# #.#
###..# #.#####....###
#.##.........#
#####.##.###.....#
#####........#.......#


You could see a centaur skeleton.

Vanquished Creatures (others)
  An iguana (D:5)
1 creature vanquished.

Notes
Turn   | Place    | Note
-------+----------+-------------------------------------------
     0 | D:5      | willcat the Deep Elf Delver began the quest for the Orb.
     0 | D:5      | Reached XP level 1. HP: 13/13 MP: 3/3
    14 | D:5      | Noticed an orc wizard
    24 | D:5      | Noticed an iguana
    25 | D:5      | Noticed an air elemental
    39 | D:5      | Found a radiant altar of Vehumet.
    61 | D:5      | Killed an iguana
   384 | D:5      | Slain by a centaur skeleton

Illustrated notes

Levels and vault maps discovered:
D:5:      minmay_skewed_foursquare, layout_rooms,
          gammafunk_temple_overflow_wave, fiery_altar_vehumet,
          nicolae_qazlal_style_of_elements, roderic_lattice_a, uniq_pikel

Action                   || total
-------------------------++-------
Melee: Short sword       ||    12
  Use: Scroll            ||     1
Armor: Leather armour    ||     6
Dodge: Dodged            ||    14

Table legend: (Time is in decaauts)
 A = Elapsed time spent in this place.
 B = Non-inter-level travel time spent in this place.
 C = Inter-level travel time spent in this place.
 D = Time resting spent in this place.
 E = Time spent auto-exploring this place.
 F = Levels seen in this place.
 G = Mean time per level.
                   A        B        C        D        E       F      G
               +--------+--------+--------+--------+--------+-----+--------+
         Total |    384 |    384 |      0 |    286 |     23 |   1 |  384.0 |
       Dungeon |    384 |    384 |      0 |    286 |     23 |   1 |  384.0 |
               +--------+--------+--------+--------+--------+-----+--------+

Top non-repeatable levels by time:
     D:5: 384 daAuts
